AoeStats
← GM.Matheus

Arabia

509003343Analyzed
2v2 RM · 7d ago on Sep 25, 2026· 58m 32s· 4 players
Game mode
Random Map
Map size
Medium (4 player)
Population
200
Speed
Normal
Resources
Standard
Victory
Conquest
Starting age
Dark Age
Ending age
Imperial Age
RankedLock teamsTeams togetherTeam positionsShared explorationLock speedFull tech treeHidden civsTurbo modeCheats
Victory
Defeat
🇧🇷 Franks · Brazil
1002
+18
🇧🇷 Muisca · Brazil
1000
+19
🇨🇴 Ethiopians · Colombia
1155
-23
🇦🇷 Spanish · Argentina
956
-14
GM.Milinhox
6:40 Loom
9:25 Feudal Age
10:11 Double-Bit Axe
14:11 Fletching
18:23 Padded Archer Armor
22:06 Castle Age
20:43 Horse Collar
22:57 Heavy Plow
23:12 Bow Saw
24:09 Bodkin Arrow
24:12 Elite Skirmisher
25:34 Leather Archer Armor
25:06 Crossbowman
27:38 Thumb Ring
29:47 Wheelbarrow
34:11 Town Watch
34:49 Ballistics
35:13 Scale Mail Armor
36:11 Chain Mail Armor
37:38 Squires
38:35 Forging
41:53 Imperial Age
41:27 Iron Casting
42:25 Arbalester
44:26 Chemistry
43:48 Bracer
44:24 Conscription
45:17 Plate Mail Armor
46:24 Elite Temple Guard
47:25 Champi Runner
48:22 Huaracas
48:14 Champi Warrior
50:22 Elite Champi Warrior
53:54 Siege Engineers
GM.Matheus
10:29 Feudal Age
8:46 Loom
22:07 Castle Age
20:52 Double-Bit Axe
21:20 Forging
21:03 Gold Mining
21:45 Scale Barding Armor
23:45 Husbandry
25:37 Chain Barding Armor
30:04 Town Watch
30:54 Wheelbarrow
32:08 Iron Casting
31:32 Stone Mining
32:18 Gold Shaft Mining
31:58 Bow Saw
37:00 Hand Cart
38:22 Fletching
42:07 Imperial Age
39:53 Masonry
43:15 Cavalier
49:54 Architecture
49:21 Murder Holes
51:16 Conscription
54:27 Paladin
56:55 Plate Barding Armor
58:16 Blast Furnace
57:12 Bodkin Arrow
Jose Romero9022
10:27 Feudal Age
11:40 Feudal Age
12:13 Loom
20:41 Double-Bit Axe
26:15 Castle Age
24:07 Gold Mining
27:22 Stone Mining
28:35 Pikeman
31:24 Light Cavalry
42:30 Stone Shaft Mining
47:31 Padded Archer Armor
47:34 Horse Collar
48:09 Bow Saw
50:13 Leather Archer Armor
alexander114
6:26 Loom
9:20 Feudal Age
9:56 Double-Bit Axe
17:53 Fletching
18:42 Padded Archer Armor
26:39 Castle Age
25:36 Forging
25:44 Scale Barding Armor
26:56 Gold Mining
27:22 Husbandry
29:10 Chain Barding Armor
30:04 Bodkin Arrow
30:39 Leather Archer Armor
31:07 Crossbowman
39:29 Iron Casting
40:33 Horse Collar
44:59 Imperial Age
47:19 Wheelbarrow
49:06 Wheelbarrow
48:16 Town Watch
50:03 Hand Cart
51:41 Heavy Plow
54:36 Conscription
55:00 Gold Shaft Mining
55:33 Elite Skirmisher
57:47 Bracer
Connection lost

Rejoining the realm…

Still unreachable

The connection could not be restored.

Session expired

The server has moved on; the page needs a fresh start.